 Dungeon Crawl Stone Soup version 0.24-a0-581-gc0fa6600bf (webtiles) character file.

Game seed: 16457774623241459955

200 Eightlegvermin the Insei (level 5, 0/33 HPs)
             Began as an Octopode Transmuter on Aug 25, 2019.
             Succumbed to a scorpion's poison
             ... on level 3 of the Dungeon.
             The game lasted 00:06:20 (2492 turns).

Eightlegvermin the Insei (Octopode Transmuter)      Turns: 2492, Time: 00:06:21

Health: 0/33       AC:  1    Str:  9 (10) XL:     5   Next: 79%
Magic:  8/8        EV: 13    Int: 17 (20) God:
Gold:   121        SH:  0    Dex: 11 (13) Spells: 2/8 levels left

rFire    . . .     SeeInvis .   i - +0 spear
rCold    . . .     Gourm    .   (no shield)
rNeg     . . .     Faith    .   (helmet restricted)
rPois    .         Spirit   .   (no amulet)
rElec    .         Reflect  .   (no ring)
rCorr    .         Harm     .   (no ring)
MR       .....                  (no ring)
Stlth    +++.......             (no ring)
HPRegen  0.11/turn              (no ring)
MPRegen  0.11/turn              (no ring)
                                (no ring)
                                (no ring)

@: brilliant, lethally poisoned (0 -> -5)
A: almost no armour, stealthy swim, amphibious, 8 rings, constrict 8, camouflage
1, gelatinous body 1
a: no special abilities


You were on level 3 of the Dungeon.
You were hungry.

You visited 1 branch of the dungeon, and saw 3 of its levels.

You collected 121 gold pieces.

Inventory:

Hand Weapons
 i - a +0 spear (weapon)
Missiles
 a - 12 arrows
Jewellery
 b - an uncursed ring of wizardry {unknown}
 j - an uncursed amulet of rage {unknown}
Scrolls
 e - 4 scrolls of identify
 f - a scroll of teleportation {unknown}
Potions
 g - 2 potions of degeneration
 h - 2 potions of invisibility
 k - a potion of lignification
Comestibles
 c - a ration
 d - 2 chunks of flesh


   Skills:
 - Level 1.0 Fighting
 - Level 2.0 Dodging
 - Level 3.1 Stealth
 + Level 4.3 Unarmed Combat
 - Level 2.0 Spellcasting
 * Level 3.9 Transmutations
 + Level 1.3 Poison Magic


You had 2 spell levels left.
You knew the following spells:

 Your Spells              Type           Power        Failure   Level  Hunger
a - Beastly Appendage     Tmut           ####..       1%          1    #......
b - Sticks to Snakes      Tmut           ####....     1%          2    ###....
c - Spider Form           Tmut/Pois      ###.......   2%          3    ###....

Your spell library contained the following spells:

 Spells                   Type           Power        Failure   Level  Hunger
 Ice Form                 Ice/Tmut       ###.....     10%         4    #####..
 Blade Hands              Tmut           ####......   12%         5    ######.


Dungeon Overview and Level Annotations

Branches:
Dungeon (3/15)

Altars:
Okawaru
Wu Jian


Innate Abilities, Weirdness & Mutations

You cannot wear most types of armour.
You are very stealthy in the water. (Stealth+)
You are amphibious.
You can wear up to eight rings at the same time.
You can use your tentacles to constrict eight enemies at once.
Your skin changes colour to match your surroundings (Stealth+).
Your rubbery body absorbs attacks. (AC +1, EV +1)


Message History

Your +0 spear unmelds from your body.
* * * LOW HITPOINT WARNING * * *
You feel sick.
* * * LOW HITPOINT WARNING * * *
You feel sick.
* * * LOW HITPOINT WARNING * * *
You feel sick.
* * * LOW HITPOINT WARNING * * *
You feel sick.
* * * LOW HITPOINT WARNING * * *
You feel sick.
An adder comes into view.
Found a stone staircase leading up.
* * * LOW HITPOINT WARNING * * *
You feel sick.
Some of the chunks of flesh in your inventory have rotted away.
You are feeling hungry.
* * * LOW HITPOINT WARNING * * *
You feel sick.
You die...

.............##.###
.............##.#
.....$...<...##.##
#$..........##..#
.##....?$....###.#
........S# #####.#
#.......†###..†..#
######....##)....#
#.#.@.......#
#.##........# #.
#........# #.
#..#.....#
............#
#.#####..##.# #
...# .# ##.# #


You could see an adder.

Vanquished Creatures
  A bullfrog (D:2)
  A scorpion (D:3)
  A worker ant (D:2)
  An adder (D:2)
  2 worms (D:2)
  3 dart slugs
  A leopard gecko (D:3)
  3 bats (D:2)
  3 giant cockroaches
  4 goblins
  7 hobgoblins
  3 jackals (D:2)
  3 kobolds
  3 frilled lizards (D:2)
  4 rats
40 creatures vanquished.

Notes
Turn   | Place    | Note
-------+----------+-------------------------------------------
     0 | D:1      | Eightlegvermin the Octopode Transmuter began the quest for
                  | the Orb.
     0 | D:1      | Reached XP level 1. HP: 13/13 MP: 3/3
   288 | D:1      | Reached skill level 1 in Stealth
   370 | D:1      | Reached XP level 2. HP: 12/18 MP: 1/5
   377 | D:1      | Learned a level 2 spell: Sticks to Snakes
  1268 | D:2      | Reached XP level 3. HP: 10/23 MP: 4/6
  1723 | D:2      | Noticed a bullfrog
  1734 | D:2      | Killed a bullfrog
  1734 | D:2      | Reached skill level 4 in Unarmed Combat
  1734 | D:2      | Reached XP level 4. HP: 16/28 MP: 7/7
  1734 | D:2      | Reached XP level 5. HP: 19/33 MP: 8/8
  1742 | D:2      | Learned a level 3 spell: Spider Form
  1883 | D:2      | Found an ornate altar of the Wu Jian Council.
  2417 | D:3      | Found an iron altar of Okawaru.
  2477 | D:3      | Reached skill level 1 in Poison Magic
  2488 | D:3      | HP: 1/33 [poisoned by a scorpion]
  2492 | D:3      | Succumbed to a scorpion's poison

Levels and vault maps discovered:
D:1:      roderic_octagonal_star, layout_basic
D:2:      layout_basic, old_standard_altar
D:3:      layout_rooms, nicolae_ru_path_of_blood,
          gammafunk_temple_overflow_wave, lemuel_doored_altar, first_ration

Skill      XL: |  1  2  3  4  5 |
---------------+----------------+-----
Stealth        | 1 3 |  3.1
Unarmed Combat | 4 |  4.3
Transmutations | 3 |  3.9
Poison Magic   | 1 |  1.3
Fighting       | |  1.0
Dodging        | |  2.0
Spellcasting   | |  2.0

Action                   |  1- 3 |  4- 6 || total
-------------------------+-------+-------++-------
Melee: Unarmed           |    20 |     4 ||    24
       Constrict         |    17 |     8 ||    25
       Kick              |    14 |     6 ||    20
       Tentacles         |    12 |     4 ||    16
       Spear             |    36 |    38 ||    74
       Punch             |     1 |       ||     1
 Cast: Beastly Appendage |    13 |     7 ||    20
       Spider Form       |       |     1 ||     1
  Use: Potion            |     2 |     2 ||     4
       Scroll            |     1 |       ||     1
 Stab: Sleeping          |     3 |     9 ||    12
  Eat: Chunk             |     3 |     2 ||     5
Armor: Skin              |     5 |     4 ||     9
Dodge: Dodged            |    22 |    13 ||    35

Table legend:
 A = Non-vault XP
 B = Vault XP
 C = Vault XP percentage of total XP
 D = Non-vault monster count
 E = Vault monster count
 F = Vault count percentage of total count
                 A         B        C        D         E       F
            +---------+---------+-------+---------+---------+-------
      Total |     287 |       0 |   0.0 |      40 |       0 |   0.0
            +---------+---------+-------+---------+---------+-------
        D:1 |      31 |       0 |   0.0 |      16 |       0 |   0.0
        D:2 |     177 |       0 |   0.0 |      20 |       0 |   0.0
        D:3 |      79 |       0 |   0.0 |       4 |       0 |   0.0
            +---------+---------+-------+---------+---------+-------
